| TOP OF THE 1ST |
|
Colorado (EL) Rockies batting - Pitching for Reading Fightin Phils : RHP Joe Kimbrough
|
|
Pitching: RHP Joe Kimbrough
|
|
|
Batting: SHB Jon Munoz
|
0-0: Ball 1-0: Ball 2-0: Called Strike 2-1: Called Strike 2-2: Ball 3-2: Foul Ball, location: 2F 3-2: Fly out, F7 (Flyball, 7, EV 80.6 MPH)
|
|
Batting: RHB Matt Fabre
|
0-0: Ball 1-0: Called Strike 1-1: Called Strike 1-2: Strikes out swinging
|
|
Batting: LHB Eric Ludwig
|
0-0: Ball 1-0: Reached on error, E3 (Groundball, 3, EV 99.4 MPH)
|
|
Batting: RHB R.J. Anchondo
|
0-0: Ball 1-0: Ball 2-0: Called Strike 2-1: Foul Ball, location: 2F 2-2: Fly out, F7 (Flyball, 7D, EV 88.8 MPH)
|
| Top of the 1st over - 0 runs, 0 hits, 1 error, 1 left on base; Colorado (EL) 0 - Reading 0 |
| BOTTOM OF THE 1ST |
|
Reading Fightin Phils batting - Pitching for Colorado (EL) Rockies : LHP Steve Ransom
|
|
Pitching: LHP Steve Ransom
|
|
|
Batting: RHB Matt Strong
|
0-0: Foul Ball, location: 2F 0-1: Swinging Strike 0-2: Ball 1-2: Fly out, F9 (Line Drive, 9, EV 91.2 MPH)
|
|
Batting: RHB Austin Wiebe
|
0-0: Ball 1-0: Fly out, F7 (Flyball, 7D, EV 92.5 MPH)
|
|
Batting: LHB Chris Fandino
|
0-0: Ball 1-0: Fly out, F8 (Line Drive, 8LD, EV 92.5 MPH)
|
| Bottom of the 1st over - 0 runs, 0 hits, 0 errors, 0 left on base; Colorado (EL) 0 - Reading 0 |
| TOP OF THE 2ND |
|
Colorado (EL) Rockies batting - Pitching for Reading Fightin Phils : RHP Joe Kimbrough
|
|
Batting: RHB Matt Wheaton
|
0-0: Ball 1-0: Ball 2-0: Ball 3-0: Called Strike 3-1: Base on Balls
|
|
Batting: RHB Nick Rang
|
0-0: Ball 1-0: Ball 2-0: Ball 3-0: Called Strike 3-1: Base on Balls Matt Wheaton to second
|
|
Batting: RHB Guillermo Veronese
|
0-0: Ball 1-0: Ball 2-0: Foul Ball, location: 2F 2-1: SINGLE (Groundball, 34S, EV 93.8 MPH) Matt Wheaton to third Nick Rang to second Runner from 3rd tries for Home, throw by RF and OUT! 9-2
|
|
Batting: RHB Max Schellekens
|
0-0: Foul Ball, location: 2F 0-1: Called Strike 0-2: Strikes out looking
|
|
Batting: RHB Jerry Edmiston
|
0-0: Ball 1-0: Ball 2-0: Reached on error, E3 (Groundball, 3, EV 102.5 MPH) Nick Rang to third Guillermo Veronese to second
|
|
Batting: SHB Jon Munoz
|
0-0: Swinging Strike 0-1: Swinging Strike 0-2: Ball 1-2: Foul Ball, location: 2F 1-2: Foul Ball, location: 2F 1-2: Ball 2-2: SINGLE (Groundball, 6MS, EV 71.2 MPH) (infield hit) Nick Rang scores Guillermo Veronese to third Jerry Edmiston to second
|
|
Batting: RHB Matt Fabre
|
0-0: Ball 1-0: Ball 2-0: Called Strike 2-1: Foul Ball, location: 2F 2-2: Ball 3-2: Foul Ball, location: 2F 3-2: Foul Ball, location: 2F 3-2: Fly out, F9 (Flyball, 9D, EV 91.2 MPH)
|
| Top of the 2nd over - 1 run, 2 hits, 1 error, 3 left on base; Colorado (EL) 1 - Reading 0 |
| BOTTOM OF THE 2ND |
|
Reading Fightin Phils batting - Pitching for Colorado (EL) Rockies : LHP Steve Ransom
|
|
Batting: RHB Fletcher Easter
|
0-0: Called Strike 0-1: Ball 1-1: Ball 2-1: Foul Ball, location: 2F 2-2: Ball 3-2: SINGLE (Groundball, 5S, EV 70.0 MPH) (infield hit)
|
|
Batting: LHB Danny Hill
|
0-0: Called Strike 0-1: Swinging Strike 0-2: Ball 1-2: Fielders Choice at 2nd, 1-4 (Groundball, 15S, EV 68.8 MPH)
|
|
Batting: LHB Michael Tuttle
|
0-0: Ball Danny Hill is caught stealing 2nd base 2-6 1-0: Ground out 4-3 (Groundball, 4, EV 83.8 MPH)
|
| Bottom of the 2nd over - 0 runs, 1 hit, 0 errors, 0 left on base; Colorado (EL) 1 - Reading 0 |
| TOP OF THE 3RD |
|
Colorado (EL) Rockies batting - Pitching for Reading Fightin Phils : RHP Joe Kimbrough
|
|
Batting: LHB Eric Ludwig
|
0-0: Ball 1-0: Foul Ball, location: 2F 1-1: Foul Ball, location: 2F 1-2: Foul Ball, location: 2F 1-2: Strikes out swinging
|
|
Batting: RHB R.J. Anchondo
|
0-0: Ball 1-0: Foul Ball, location: 2F 1-1: Foul Ball, location: 2F 1-2: Ground out 5-3 (Groundball, 56S, EV 69.4 MPH)
|
|
Batting: RHB Matt Wheaton
|
0-0: Called Strike 0-1: Ball 1-1: Swinging Strike 1-2: Fly out, F8 (Flyball, 8RD, EV 101.9 MPH)
|
| Top of the 3rd over - 0 runs, 0 hits, 0 errors, 0 left on base; Colorado (EL) 1 - Reading 0 |
| BOTTOM OF THE 3RD |
|
Reading Fightin Phils batting - Pitching for Colorado (EL) Rockies : LHP Steve Ransom
|
|
Batting: RHB Zach Downs
|
0-0: Ball 1-0: Ball 2-0: Foul Ball, location: 2F 2-1: SINGLE (Line Drive, 7S, EV 102.5 MPH)
|
|
Batting: RHB Hector Nunez
|
0-0: Ball 1-0: Fly out, F8 (Line Drive, 8LD, EV 93.8 MPH)
|
|
Batting: RHB Gary Hills
|
0-0: Called Strike 0-1: Ball 1-1: Ball 2-1: Foul Ball, location: 2F 2-2: Fly out, F4 (Popup, 4MD, EV 55.6 MPH)
|
|
Batting: RHB Matt Strong
|
0-0: Swinging Strike 0-1: Ball 1-1: Foul Ball, location: 2F 1-2: Ball 2-2: Strikes out swinging
|
| Bottom of the 3rd over - 0 runs, 1 hit, 0 errors, 1 left on base; Colorado (EL) 1 - Reading 0 |
| TOP OF THE 4TH |
|
Colorado (EL) Rockies batting - Pitching for Reading Fightin Phils : RHP Joe Kimbrough
|
|
Batting: RHB Nick Rang
|
0-0: Foul Ball, location: 2F 0-1: Hit by Pitch
|
|
Batting: RHB Guillermo Veronese
|
0-0: Called Strike 0-1: Ball 1-1: Foul Ball, location: 2F 1-2: Ball 2-2: Ball 3-2: Foul Ball, location: 2F 3-2: SINGLE (Line Drive, 6MD, EV 101.9 MPH) Nick Rang to second
|
|
Batting: RHB Max Schellekens
|
0-0: Ball 1-0: Ball 2-0: Called Strike 2-1: Ball 3-1: Base on Balls Nick Rang to third Guillermo Veronese to second
|
|
Batting: RHB Jerry Edmiston
|
0-0: Called Strike 0-1: Swinging Strike 0-2: Ball 1-2: Fly out, F9 (Line Drive, 9D, EV 91.9 MPH) Runner from 3rd tags up, SCORES, throw by RF Guillermo Veronese to third
|
|
Batting: SHB Jon Munoz
|
0-0: 3-RUN HOME RUN (Flyball, 89XD, EV 100.0 MPH), Distance : 407 ft
|
|
Pitching: RHP John Gloe
|
|
|
Batting: RHB Matt Fabre
|
0-0: Called Strike 0-1: Foul Ball, location: 2F 0-2: Ball 1-2: Foul Ball, location: 2F 1-2: Strikes out swinging
|
|
Batting: LHB Eric Ludwig
|
0-0: Ball 1-0: Ball 2-0: Foul Ball, location: 2F 2-1: Foul Ball, location: 2F 2-2: Strikes out swinging
|
| Top of the 4th over - 4 runs, 2 hits, 0 errors, 0 left on base; Colorado (EL) 5 - Reading 0 |
| BOTTOM OF THE 4TH |
|
Reading Fightin Phils batting - Pitching for Colorado (EL) Rockies : LHP Steve Ransom
|
|
Batting: RHB Austin Wiebe
|
0-0: Ball 1-0: Fly out, F8 (Flyball, 8LM, EV 93.8 MPH)
|
|
Batting: LHB Chris Fandino
|
0-0: Swinging Strike 0-1: Ball 1-1: Ball 2-1: Ground out 6-3 (Groundball, 6, EV 90.6 MPH)
|
|
Batting: RHB Fletcher Easter
|
0-0: Called Strike 0-1: Fly out, F7 (Flyball, 7D, EV 84.4 MPH)
|
| Bottom of the 4th over - 0 runs, 0 hits, 0 errors, 0 left on base; Colorado (EL) 5 - Reading 0 |
| TOP OF THE 5TH |
|
Colorado (EL) Rockies batting - Pitching for Reading Fightin Phils : RHP John Gloe
|
|
Batting: RHB R.J. Anchondo
|
0-0: Called Strike 0-1: Ball 1-1: Foul Ball, location: 2F 1-2: Foul Ball, location: 2F 1-2: SINGLE (Flyball, 56D, EV 89.4 MPH)
|
|
Batting: RHB Matt Wheaton
|
0-0: Called Strike 0-1: Ball 1-1: Ball 2-1: Ball 3-1: Base on Balls R.J. Anchondo to second
|
|
Batting: RHB Nick Rang
|
0-0: Ball 1-0: Called Strike 1-1: Ball 2-1: Ball 3-1: Base on Balls R.J. Anchondo to third Matt Wheaton to second
|
|
Batting: RHB Guillermo Veronese
|
0-0: Fly out, F4 (Line Drive, 4, EV 71.9 MPH)
|
|
Batting: RHB Max Schellekens
|
0-0: Called Strike 0-1: Swinging Strike 0-2: Ball 1-2: Ball 2-2: Ball 3-2: Foul Ball, location: 2F 3-2: Grounds into double play, 6-4-3 (Groundball, 56, EV 100.6 MPH)
|
| Top of the 5th over - 0 runs, 1 hit, 0 errors, 2 left on base; Colorado (EL) 5 - Reading 0 |
| BOTTOM OF THE 5TH |
|
Reading Fightin Phils batting - Pitching for Colorado (EL) Rockies : LHP Steve Ransom
|
|
Batting: LHB Danny Hill
|
0-0: Ball 1-0: Ball 2-0: Ball 3-0: Called Strike 3-1: Ground out U3 (Groundball, 3S, EV 89.4 MPH)
|
|
Batting: LHB Michael Tuttle
|
0-0: Ball 1-0: Called Strike 1-1: Ball 2-1: Foul Ball, location: 2F 2-2: Fly out, F5 (Popup, 25, EV 84.4 MPH)
|
|
Batting: RHB Zach Downs
|
0-0: Ball 1-0: SINGLE (Line Drive, 4M, EV 94.4 MPH)
|
|
Batting: RHB Hector Nunez
|
0-0: Called Strike 0-1: Fielders Choice at 2nd, 6-4 (Groundball, 6, EV 86.2 MPH)
|
| Bottom of the 5th over - 0 runs, 1 hit, 0 errors, 1 left on base; Colorado (EL) 5 - Reading 0 |
| TOP OF THE 6TH |
|
Colorado (EL) Rockies batting - Pitching for Reading Fightin Phils : RHP John Gloe
|
|
Batting: RHB Jerry Edmiston
|
0-0: Called Strike 0-1: Ball 1-1: Ball 2-1: Swinging Strike 2-2: Strikes out swinging
|
|
Batting: SHB Jon Munoz
|
0-0: Ball 1-0: Ball 2-0: SINGLE (Flyball, 6D, EV 87.5 MPH)
|
|
Batting: RHB Matt Fabre
|
0-0: Called Strike Jon Munoz steals 2nd base 0-1: Ball 1-1: Called Strike Jon Munoz steals 3rd, throwing error, E2 Jon Munoz scores 1-2: Strikes out swinging
|
|
Batting: LHB Eric Ludwig
|
0-0: Ball 1-0: Fly out, F9 (Flyball, 9LM, EV 90.6 MPH)
|
| Top of the 6th over - 1 run, 1 hit, 1 error, 0 left on base; Colorado (EL) 6 - Reading 0 |
| BOTTOM OF THE 6TH |
|
Reading Fightin Phils batting - Pitching for Colorado (EL) Rockies : LHP Steve Ransom
|
|
Batting: RHB Gary Hills
|
0-0: Foul Ball, location: 2F 0-1: Ground out 6-3 (Groundball, 56, EV 86.2 MPH)
|
|
Batting: RHB Matt Strong
|
0-0: Ground out U3 (Groundball, 34, EV 85.6 MPH)
|
|
Batting: RHB Austin Wiebe
|
0-0: Ball 1-0: Ball 2-0: Called Strike 2-1: Ball 3-1: Base on Balls
|
|
Batting: LHB Chris Fandino
|
0-0: Ball 1-0: Called Strike 1-1: Ball 2-1: Called Strike 2-2: Ball 3-2: Fly out, F9 (Flyball, 89D, EV 105.6 MPH)
|
| Bottom of the 6th over - 0 runs, 0 hits, 0 errors, 1 left on base; Colorado (EL) 6 - Reading 0 |
| TOP OF THE 7TH |
|
Colorado (EL) Rockies batting - Pitching for Reading Fightin Phils : RHP John Gloe
|
|
Batting: RHB R.J. Anchondo
|
0-0: Called Strike 0-1: Foul Ball, location: 2F 0-2: Ball 1-2: Fly out, F6 (Popup, 6M, EV 62.5 MPH)
|
|
Batting: RHB Matt Wheaton
|
0-0: Foul Ball, location: 2F 0-1: Ball 1-1: Foul Ball, location: 2F 1-2: Ball 2-2: Fly out, F8 (Flyball, 89D, EV 101.9 MPH)
|
|
Batting: RHB Nick Rang
|
0-0: Ball 1-0: Foul Ball, location: 2F 1-1: Foul Ball, location: 2F 1-2: Strikes out swinging
|
| Top of the 7th over - 0 runs, 0 hits, 0 errors, 0 left on base; Colorado (EL) 6 - Reading 0 |
| BOTTOM OF THE 7TH |
|
Reading Fightin Phils batting - Pitching for Colorado (EL) Rockies : LHP Steve Ransom
|
|
Batting: RHB Fletcher Easter
|
0-0: SINGLE (Groundball, 56D, EV 101.2 MPH)
|
|
Batting: LHB Danny Hill
|
0-0: Ball Wild Pitch! Fletcher Easter to second 1-0: Ball 2-0: Ball 3-0: Ground out 6-3 (Groundball, 6, EV 83.1 MPH)
|
|
Batting: LHB Michael Tuttle
|
0-0: Foul Ball, location: 2F 0-1: Ball 1-1: Ground out 4-3 (Groundball, 4, EV 81.2 MPH) Fletcher Easter to third
|
|
Batting: RHB Zach Downs
|
0-0: Ball 1-0: SINGLE (Groundball, 6MD, EV 96.2 MPH) Fletcher Easter scores
|
|
Batting: RHB Hector Nunez
|
0-0: Ball 1-0: Ball 2-0: Swinging Strike 2-1: Foul Ball, location: 2F 2-2: Ball 3-2: Base on Balls Zach Downs to second
|
|
Batting: RHB Gary Hills
|
0-0: Called Strike 0-1: Fielders Choice at 2nd, 6-4 (Groundball, 6D, EV 98.8 MPH)
|
| Bottom of the 7th over - 1 run, 2 hits, 0 errors, 2 left on base; Colorado (EL) 6 - Reading 1 |
| TOP OF THE 8TH |
|
Colorado (EL) Rockies batting - Pitching for Reading Fightin Phils : RHP John Gloe
|
|
Pitching: RHP Adam Rasmussen
|
|
|
Batting: RHB Guillermo Veronese
|
0-0: Ball 1-0: Called Strike 1-1: Called Strike 1-2: Ball 2-2: Strikes out swinging
|
|
Batting: RHB Max Schellekens
|
0-0: Called Strike 0-1: Ball 1-1: Swinging Strike 1-2: Foul Ball, location: 2F 1-2: Ball 2-2: Foul Ball, location: 2F 2-2: Ground out 6-3 (Groundball, 6M, EV 88.1 MPH)
|
|
Batting: RHB Jerry Edmiston
|
0-0: Fly out, F8 (Flyball, 8RM, EV 90.0 MPH)
|
| Top of the 8th over - 0 runs, 0 hits, 0 errors, 0 left on base; Colorado (EL) 6 - Reading 1 |
| BOTTOM OF THE 8TH |
|
Reading Fightin Phils batting - Pitching for Colorado (EL) Rockies : LHP Steve Ransom
|
|
Batting: RHB Matt Strong
|
0-0: Ball 1-0: Ball 2-0: Called Strike 2-1: Ball 3-1: Foul Ball, location: 2F 3-2: SINGLE (Line Drive, 8LS, EV 102.5 MPH)
|
|
Pitching: RHP Ronnie DeVries
|
|
|
Batting: RHB Austin Wiebe
|
0-0: Ball 1-0: Called Strike 1-1: Ball 2-1: Ball Wild Pitch! Matt Strong to second 3-1: Base on Balls
|
|
Batting: LHB Chris Fandino
|
0-0: Ball 1-0: Fly out, F8 (Flyball, 8RS, EV 86.9 MPH)
|
|
Batting: RHB Fletcher Easter
|
0-0: Ball 1-0: Called Strike 1-1: Reached on error, E5 (Groundball, 56S, EV 89.4 MPH) Matt Strong to third Austin Wiebe to second
|
|
Batting: LHB Danny Hill
|
0-0: Fly out, F5 (Popup, 56S, EV 72.5 MPH)
|
|
Batting: LHB Michael Tuttle
|
0-0: DOUBLE (Line Drive, 7LD, EV 106.9 MPH) Matt Strong scores Austin Wiebe scores Fletcher Easter to third
|
|
Batting: RHB Zach Downs
|
0-0: Swinging Strike 0-1: Foul Ball, location: 2F 0-2: Fly out, F3 (Popup, 3SF, EV 75.0 MPH)
|
| Bottom of the 8th over - 2 runs, 2 hits, 1 error, 2 left on base; Colorado (EL) 6 - Reading 3 |
| TOP OF THE 9TH |
|
Colorado (EL) Rockies batting - Pitching for Reading Fightin Phils : RHP Adam Rasmussen
|
|
Batting: SHB Jon Munoz
|
0-0: Ball 1-0: Ball 2-0: Called Strike 2-1: Foul Ball, location: 2F 2-2: Strikes out swinging
|
|
Batting: RHB Matt Fabre
|
0-0: Foul Ball, location: 2F 0-1: Ground out 6-3 (Groundball, 6, EV 78.1 MPH)
|
|
Batting: LHB Eric Ludwig
|
0-0: Ball 1-0: Ball 2-0: Called Strike 2-1: Foul Ball, location: 2F 2-2: Ground out U3 (Groundball, 34, EV 106.2 MPH)
|
| Top of the 9th over - 0 runs, 0 hits, 0 errors, 0 left on base; Colorado (EL) 6 - Reading 3 |
| BOTTOM OF THE 9TH |
|
Reading Fightin Phils batting - Pitching for Colorado (EL) Rockies : RHP Ronnie DeVries
|
|
Pitching: LHP Bill Ogren
|
|
|
Batting: RHB Hector Nunez
|
0-0: Called Strike 0-1: Ground out U3 (Groundball, 3, EV 88.1 MPH)
|
|
Batting: RHB Gary Hills
|
0-0: Called Strike 0-1: Called Strike 0-2: Foul Ball, location: 2F 0-2: Strikes out looking
|
|
Batting: RHB Matt Strong
|
0-0: Called Strike 0-1: Ball 1-1: Ball 2-1: Ball 3-1: Fly out, F9 (Flyball, 9LM, EV 84.4 MPH)
|
| Bottom of the 9th over - 0 runs, 0 hits, 0 errors, 0 left on base; Colorado (EL) 6 - Reading 3 |
|